Map: Catalizzatore LE

Players

Trebo

  • Race: Protoss Protoss
  • League: Platinum
  • Spawn Location: 5:00

laravel - Winner!

  • Race: Zerg Zerg
  • Spawn Location: 11:00

VOD

Have the link to the VOD?

Description

Time

  • Played on: Jan. 2, 2018, 9:04 a.m.
  • Length: 7:23
Show
View Real Time Build Order
Export as new Build Order

Trebo Protoss 

Build Orders: 1 Gate Expand 

Get SALT Encoding   

  12  0:02  Probe  
  13  0:14  Probe  
  13  0:20  Pylon  
  14  0:26  Probe  
  15  0:38  Probe  
  16  0:43  Gateway  
  16  0:50  Probe, Assimilator  
  17  1:02  Probe (Chrono Boost)  
  18  1:15  Probe (Chrono Boost)  
  19  1:23  Probe (Chrono Boost)  
  20  1:34  Nexus  
  20  1:46  Probe  
  21  1:52  Cybernetics Core  
  21  1:57  Assimilator  
  21  1:58  Probe (Chrono Boost)  
  22  2:08  Probe (Chrono Boost)  
  23  2:12  Assimilator  
  23  2:22  Pylon  
  23  2:30  Warp Gate  
  23  2:38  Gateway  
  23  2:40  Probe (Chrono Boost)  
  23  2:41  Robotics Facility  
  24  2:46  Probe (Chrono Boost)  
  26  2:53  Probe (Chrono Boost)  
  26  2:56  Probe (Chrono Boost)  
  26  2:58  Probe (Chrono Boost)  
  27  3:00  Probe (Chrono Boost)  
  31  3:06  Probe  
  31  3:08  Adept  
  31  3:12  Probe  
  33  3:18  Probe  
  34  3:24  Probe  
  35  3:28  Pylon  
  35  3:30  Probe  
  35  3:32  Adept  
  38  3:34  Observer (Chrono Boost)  
  38  3:36  Probe  
  40  3:42  Probe  
  40  3:43  Assimilator  
  40  3:47  Gateway  
  41  3:48  Observer (Chrono Boost)  
  41  3:53  Pylon  
  42  3:57  Probe (Chrono Boost)  
  42  4:00  Probe (Chrono Boost)  
  42  4:02  Assimilator  
  44  4:09  Probe (Chrono Boost)  
  46  4:10  Probe (Chrono Boost)  
  46  4:15  Twilight Council  
  46  4:18  Probe  
  46  4:21  Probe  
  48  4:28  Immortal  
  48  4:30  Probe  
  53  4:33  Probe  
  53  4:38  Forge  
  54  4:47  Robotics Bay  
  54  4:56  Gateway  
  54  4:59  Charge  
  54  5:03  Probe  
  54  5:04  Probe  
  56  5:11  Gateway  
  56  5:14  Templar Archives  
  56  5:24  Adept x3  
  62  5:34  Nexus  
  62  5:35  Pylon  
  62  5:48  Pylon, Psionic Storm  
  62  5:53  Immortal  
  66  6:03  Photon Cannon  
  66  6:07  Photon Cannon  
  66  6:10  Photon Cannon  
  66  6:13  Photon Cannon  
  64  6:22  Stalker x3  
  62  6:28  Stalker  
  47  6:56  Stalker x4  
  47  6:57  Stalker  
Show
View Real Time Build Order
Export as new Build Order

laravel Zerg - Winner!

Build Orders: 3 Hatch before Pool 

Get SALT Encoding   

  12  0:01  Drone  
  13  0:13  Overlord  
  13  0:18  Drone  
  14  0:33  Drone  
  14  0:34  Drone  
  16  0:39  Drone  
  17  0:46  Drone  
  18  1:00  Hatchery  
  18  1:02  Drone  
  18  1:08  Drone  
  19  1:21  Drone  
  20  1:36  Drone  
  21  1:41  Hatchery  
  21  1:46  Spawning Pool  
  19  1:51  Extractor, Drone  
  19  1:55  Drone  
  20  2:09  Drone  
  21  2:18  Drone x2  
  21  2:22  Drone  
  24  2:27  Drone  
  25  2:34  Queen  
  25  2:35  Overlord  
  27  2:40  Drone  
  28  2:52  Queen  
  28  2:54  Drone  
  28  2:55  Drone x3  
  34  3:02  Metabolic Boost  
  34  3:07  Roach Warren  
  34  3:11  Drone x3  
  34  3:12  Drone  
  37  3:18  Queen  
  39  3:24  Overlord  
  39  3:26  Drone x2  
  41  3:29  Drone  
  42  3:41  Queen  
  42  3:42  Spine Crawler  
  42  3:47  Spine Crawler  
  42  3:50  Lair  
  42  3:51  Zergling x2  
  42  3:52  Zergling x4  
  45  4:02  Overlord x2  
  45  4:04  Roach x2  
  49  4:10  Extractor  
  48  4:18  Spine Crawler  
  48  4:24  Spore Crawler  
  46  4:26  Roach  
  46  4:27  Roach x3  
  54  4:48  Drone x2  
  54  4:49  Drone x2  
  58  4:54  Overlord x2  
  58  4:55  Roach  
  58  4:56  Roach x2  
  58  4:57  Zergling x4  
  65  5:08  Overlord  
  65  5:09  Overlord  
  65  5:25  Roach x7  
  79  5:32  Overlord  
  79  5:45  Glial Reconstitution  
  79  5:50  Zergling x12  
  79  5:51  Zergling x12  
  79  5:52  Zergling x8  
  95  6:01  Extractor  
  94  6:08  Overlord x2  
  94  6:17  Zergling x12, Roach  
  98  6:23  Zergling x8  
  98  6:24  Zergling x4  
  102  6:32  Roach x2  
  105  6:38  Zergling x4  
  104  6:42  Overseer  
  99  6:53  Zergling x4, Roach x2  
  99  6:54  Zergling x4  
Tags
 
Add a new tag
Caveats
  • Supply blocks, unpowered buildings, or Contaminate may cause inaccurate times.
  • Supply counts are checked every 10 seconds.